 Dungeon Crawl Stone Soup version 0.27-a0-1591-gc56fcc985a (webtiles) character file.

Game seed: 3634909663654536580

2 elagabalus the Shield-Bearer (level 1, 11/14 HPs)
             Began as a Gargoyle Fighter on July 19, 2021.
             Quit the game on level 1 of the Dungeon on July 20, 2021.
             The game lasted 00:02:09 (210 turns).

elagabalus the Shield-Bearer (Gargoyle Fighter)      Turns: 210, Time: 00:02:10

Health: 11/14      AC:  9    Str: 19    XL:     1   Next: 40%
Magic:  1/1        EV:  7    Int:  8    God:
Gold:   22         SH:  9    Dex:  9    Spells: 0/0 levels left

rFire    . . .     SeeInvis .   a - +0 flail
rCold    . . .     Faith    .   c - +0 kite shield
rNeg     + . .     Spirit   .   b - +0 scale mail
rPois    ∞         Reflect  .   (no helmet)
rElec    +         Harm     .   (no cloak)
rCorr    .         Rampage  .   (no gloves)
Will     .....                  (no boots)
Stlth    ..........             (no amulet)
HPRegen  0.04/turn              (no ring)
MPRegen  0.07/turn              (no ring)

@: no status effects
A: sickness immunity, AC +2, negative energy resistance 1, electricity
resistance, torment resistance 1, petrification resistance
a: no special abilities


You were on level 1 of the Dungeon.
You visited 1 branch of the dungeon, and saw 1 of its levels.

You collected 22 gold pieces.

Inventory:

Hand Weapons
 a - a +0 flail (weapon)
Armour
 b - a +0 scale mail (worn)
 c - a +0 kite shield (worn)
Scrolls
 e - a scroll of teleportation {unknown}
Potions
 d - a potion of might


   Skills:
 - Level 3.2 Fighting
 * Level 2.2 Maces & Flails
 - Level 3.2 Armour
 - Level 3.2 Shields


You couldn't memorise any spells.
You didn't know any spells.
Your spell library was empty.

Dungeon Overview and Level Annotations

Branches:
Dungeon (1/15)

Altars:


Innate Abilities, Weirdness & Mutations

You are immune to sickness and miasma.
Your stone body is resilient. (AC +2)
You are immune to poison.
You resist negative energy. (rN+)
You are resistant to electric shocks. (rElec)
You are resistant to unholy torment.
You are immune to petrification.


Message History

A giant cockroach comes into view.
You closely miss the giant cockroach. The giant cockroach barely misses you.
The giant cockroach bites you but does no damage.
You barely miss the giant cockroach.
The giant cockroach bites you but does no damage.
The giant cockroach barely misses you.
You sock the giant cockroach!
You kill the giant cockroach!
Found 14 gold pieces.
You now have 22 gold pieces (gained 14).
A rat comes into view.
You thump the rat!
You kill the rat!
Found a dagger.
You see here a +0 dagger.
Found a ring mail.
A frilled lizard comes into view.
The frilled lizard hisses angrily.
You closely miss the frilled lizard.
The frilled lizard bites you but does no damage.
You miss the frilled lizard.
You block the frilled lizard's attack. x2
You miss the frilled lizard. The frilled lizard bites you.
You closely miss the frilled lizard.
The frilled lizard bites you but does no damage.
You block the frilled lizard's attack.
You completely miss the frilled lizard. The frilled lizard barely misses you.
Your shield and scale mail prevent you from hitting the frilled lizard.
You block the frilled lizard's attack.
The frilled lizard bites you but does no damage.
You completely miss the frilled lizard.
The frilled lizard bites you but does no damage.
You miss the frilled lizard. You block the frilled lizard's attack.
The frilled lizard completely misses you.
You hit the frilled lizard.
You kill the frilled lizard!
Welcome back, elagabalus the Gargoyle Fighter.
Press ? for a list of commands and other information.
Welcome back, elagabalus the Gargoyle Fighter.
Press ? for a list of commands and other information.
Are you sure you want to abandon this character and quit the game? (Confirm with "yes".)

#.........####........#
#.##.# #.♣......##
##.......# ......
#.♣♣)....# ...... ...
#.♣......# .....♣ ....
#........## #...... #.[
#.........####.......
#....................
#....................
#.#..♣♣......@...♣
#.##..♣..........♣.
#.###..............#
#.####.....♣..[......
#.........♣♣♣....####
#.......##......##
#.......# ......#
#.......# .....##
#.......# #...##


There were no monsters in sight!

Vanquished Creatures
  A giant cockroach (D:1)
  A frilled lizard (D:1)
  A rat (D:1)
3 creatures vanquished.

Notes
Turn   | Place    | Note
-------+----------+-------------------------------------------
     0 | D:1      | elagabalus the Gargoyle Fighter began the quest for the
                  | Orb.
     0 | D:1      | Reached XP level 1. HP: 14/14 MP: 1/1
   210 | D:1      | Quit the game

Illustrated notes

Levels and vault maps discovered:
D:1:      lemuel_arrival_funnel, layout_loops_ring, kennysheep_decorative_pillar

Action                   || total
-------------------------++-------
Melee: Flail             ||    13
Armor: Scale mail        ||     6
Dodge: Dodged            ||     4
Block: Kite shield       ||     5

Table legend: (Time is in decaauts)
 A = Elapsed time spent in this place.
 B = Non-inter-level travel time spent in this place.
 C = Inter-level travel time spent in this place.
 D = Time resting spent in this place.
 E = Time spent auto-exploring this place.
 F = Levels seen in this place.
 G = Mean time per level.
                   A        B        C        D        E       F      G
               +--------+--------+--------+--------+--------+-----+--------+
         Total |    217 |     41 |    176 |      0 |      0 |   1 |  217.0 |
       Dungeon |    217 |     41 |    176 |      0 |      0 |   1 |  217.0 |
               +--------+--------+--------+--------+--------+-----+--------+

Top non-repeatable levels by time:
     D:1: 217 daAuts
